 Dungeon Sprint DCSS version 0.29-a0-297-g7659ce593d (webtiles) character file.

Game seed: 11869867482257753295

800000 namelastname112 the Ducker (level 1, -20/16 HPs)
             Began as a Demonspawn Gladiator on Mar 21, 2022.
             Was an Initiate of Makhleb.
             Demolished by a bag of meat
             ... wielding a +9 war axe
              (36 damage)
             ... in the Dungeon (Sprint VIII: "Arena of Blood").
             The game lasted 00:00:08 (8 turns).

namelastname112 the Ducker (Demonspawn Gladiator)      Turns: 8, Time: 00:00:09

Health: -20/16     AC:  4    Str: 14    XL:     1   Next: 0%
Magic:  1/1        EV: 12    Int:  9    God:    Makhleb [......]
Gold:   0          SH:  0    Dex: 14    Spells: 0/0 levels left

rFire   . . .      SeeInvis .   l - +∞ Axe of Woe
rCold   . . .      Faith    .   (shield currently unavailable)
rNeg    . . .      Spirit   .   b - +0 leather armour
rPois   .          Reflect  .   c - +0 helmet
rElec   .          Harm     .   (no cloak)
rCorr   .          Rampage  .   (no gloves)
Will    .....      NoTele   +   (no boots)
Stlth   +.........              (no amulet)
HPRegen 0.05/turn               (no ring)
MPRegen 0.07/turn               (no ring)

@: no status effects
A: no striking features
a: Renounce Religion


You were in the Dungeon.
You worshipped Makhleb.
Makhleb was noncommittal.
You visited 1 branch

Inventory:

Hand Weapons
 a - a +0 war axe
 l - the +∞ Axe of Woe (weapon)
   (You found it in the Dungeon)
Missiles
 d - 3 throwing nets (quivered)
 e - a javelin
Armour
 b - a +0 leather armour (worn)
 c - a +0 helmet (worn)
Scrolls
 k - a scroll of blinking
Potions
 f - a potion of curing
 g - a potion of heal wounds
 h - a potion of haste
 i - 2 potions of magic
 j - a potion of berserk rage


   Skills:
 + Level 2.0 Fighting
 + Level 2.6 Axes
 + Level 1.7 Throwing
 + Level 2.6 Dodging


You couldn't memorise any spells.
You didn't know any spells.
Your spell library was empty.

Dungeon Overview and Level Annotations

Branches:
Dungeon (1/1)

Altars:
Makhleb


Message History

-- -- -- Before you lies the servitor of chaos, -- -- The cleaver, -- -- The blasphemer, -- -- The destroyer, -- -- The Axe of Woe! -- -- -- -- Vessel of Makhleb, -- -- You are the unmaker, -- -- You bring the rapture, -- -- The murmurs of the thralls rise!!! -- -- The theatre of blood begins! -- -- -- ------------------------------------------------------------------------------ ------------------------------------------------------------------------------ Welcome, namelastname112 the Demonspawn Gladiator!
Press ? for a list of commands and other information!
Found the +∞ Axe of Woe!
Found four burning altars of Makhleb!
Found a staircase leading out of the dungeon!
l - the +∞ Axe of Woe
l - the +∞ Axe of Woe (weapon)
You hear a shout!!! x7
A bag of meat comes into view! It is wielding a +9 war axe!
You hear a shout!!! x5
You hear a shout!!! x4
A bag of meat comes into view! It is wielding a +9 war axe!
There is a burning altar of Makhleb here!
You kneel at the altar of Makhleb!
Makhleb welcomes you!!!
The bag of meat shouts!!!
You hear a shout!!! x5
You hear a shout!!! x7
A bag of meat comes into view! It is wielding a +9 war axe!
You hear a shout!!!
A bag of meat and a meat berserker come into view!
The bag of meat shouts!!! x3; The meat berserker shouts!!!
You hear a shout!!!
A bag of meat comes into view! It is wielding a +9 war axe!
You hear a shout!!! x3
You hear a shout!!! x3
A bag of meat comes into view! It is wielding a +9 war axe! x2
The bag of meat shouts!!!
You dice the meat berserker like an onion!!!
You slaughter the meat berserker joyfully!
You annihilate the meat berserker!!!
Makhleb roars: ANNIHILATED!
You hear a shout!!! x7
A bag of meat comes into view! It is wielding a +9 war axe!
You hear a shout!!! x4
The bag of meat closely misses you! The bag of meat misses you!
A bag of meat comes into view! It is wielding a +9 war axe!
The bag of meat hits you with a +9 war axe!!!!!!!!!
DANG rip

...###... ..###.
........###......
#........_.....
..... #.....#
......#_.<._# .
......#.....#....
#........_.......
.....o..###......
...###.o@o...###.
#..)o...#
#.......#
.......o....
.............
...............
.o......oo...##
.o.#........#.


You could see 9 bags of meat.

Vanquished Creatures
  An ogre (D)
1 creature vanquished.

Notes
Turn   | Place    | Note
-------+----------+-------------------------------------------
     0 | D        | Found the +∞ Axe of Woe
     0 | D        | namelastname112 the Demonspawn Gladiator began the quest
                  | for the Orb.
     0 | D        | Reached XP level 1. HP: 16/16 MP: 1/1
     2 | D        | Noticed a bag of meat
     3 | D        | Noticed a bag of meat
     4 | D        | Became a worshipper of Makhleb the Destroyer
     5 | D        | Noticed a bag of meat
     6 | D        | Noticed a bag of meat
     6 | D        | Noticed a meat berserker
     6 | D        | Noticed a bag of meat
     7 | D        | Noticed a bag of meat
     7 | D        | Noticed a bag of meat
     8 | D        | Killed a meat berserker
     8 | D        | Noticed a bag of meat
     8 | D        | Noticed a bag of meat
     8 | D        | Demolished by a bag of meat

Illustrated notes

Levels and vault maps discovered:
D:        meatsprint

Action                   || total
-------------------------++-------
Melee: Executioner's axe ||     1
Dodge: Dodged            ||     2

Table legend: (Time is in decaauts)
 A = Elapsed time spent in this place.
 B = Non-inter-level travel time spent in this place.
 C = Inter-level travel time spent in this place.
 D = Time resting spent in this place.
 E = Time spent auto-exploring this place.
 F = Levels seen in this place.
 G = Mean time per level.
                   A        B        C        D        E       F      G
               +--------+--------+--------+--------+--------+-----+--------+
         Total |      7 |      7 |      0 |      0 |      0 |   1 |    7.0 |
       Dungeon |      7 |      7 |      0 |      0 |      0 |   1 |    7.0 |
               +--------+--------+--------+--------+--------+-----+--------+

Top non-repeatable levels by time:
       D: 7 daAuts
